 Dungeon Crawl Stone Soup version 0.16-a0-3606-g1520cdc (webtiles) character file.

86 PolkaDot the Insei (level 4, 0/32 HPs)
             Began as an Octopode Monk on Jan 13, 2015.
             Was a Believer of Qazlal.
             Slain by a goblin (2 damage)
             ... led by Robin
             ... on level 3 of the Dungeon.
             The game lasted 00:04:00 (1616 turns).

PolkaDot the Insei (Octopode Monk)                  Turns: 1616, Time: 00:04:00

Health: 0/32       AC:  1    Str: 10    XL:     4   Next: 50%
Magic:  4/4        EV: 13    Int: 12    God:    Qazlal [**....]
Gold:   131        SH:  3    Dex: 15    Spells: 0 memorised, 3 levels left

rFire  . . .     SeeInvis .       - Unarmed
rCold  . . .     Clarity  .     (no shield)
rNeg   . . .     SustAb   .     (helmet restricted)
rPois  .         Gourm    +     i - amulet of the gourmand
rElec  .         Spirit   .     (no ring)
rCorr  .         Warding  .     (no ring)
rMut   .         Stasis   .     (no ring)
MR     .....                    (no ring)
Stlth  +++.......               (no ring)
                                (no ring)
                                (no ring)
                                (no ring)

@: not resistant to hostile enchantments, fairly stealthy
A: almost no armour, amphibious, 8 rings, constrict 8, camouflage 1, gelatinous
body 1
a: Upheaval, Renounce Religion


You were on level 3 of the Dungeon.
You worshipped Qazlal.
Qazlal was pleased with you.
You were not hungry.

You visited 1 branch of the dungeon, and saw 3 of its levels.

You collected 131 gold pieces.

Inventory:

Jewellery
 i - an amulet of the gourmand (around mantle)
 m - an uncursed ring of sustain abilities {unknown}
Scrolls
 f - 2 scrolls of magic mapping {unknown}
 g - 3 scrolls of amnesia {unknown}
 h - 3 scrolls of identify {unknown}
Potions
 d - a potion of agility {unknown}
 e - a potion of curing {unknown}
 k - a potion of brilliance {unknown}
 l - a potion of invisibility {unknown}
Comestibles
 b - a bread ration
 c - 5 fruits
 j - a chunk of flesh


   Skills:
 + Level 3.6 Fighting
 + Level 3.5 Dodging
 - Level 2.6 Stealth
 * Level 5.0 Unarmed Combat


You had 3 spell levels left.
You didn't know any spells.

Dungeon Overview and Level Annotations

Branches:
Dungeon (3/15)

Altars:
Qazlal
Xom

Annotations:
D:3 Robin


Innate Abilities, Weirdness & Mutations

You cannot wear most types of armour.
You are amphibious.
You can wear up to eight rings at the same time.
You can use your tentacles to constrict many enemies at once.
Your skin changes colour to match your surroundings (Stealth).
Your rubbery body absorbs attacks (AC +1).


Message History

You grab the goblin. You squeeze the goblin.
You kill the goblin!
Qazlal accepts your kill.
You constrict the goblin.
You kill the goblin!
Qazlal accepts your kill.
You closely miss the goblin. You grab the goblin. You squeeze the goblin.
You kill the goblin!
Qazlal accepts your kill. Robin throws the goblin at you!
* * * LOW HITPOINT WARNING * * *
The goblin hits you with a dagger!
* * * LOW HITPOINT WARNING * * *
You closely miss the goblin. You grab the goblin. You constrict the goblin.
Robin throws the goblin at you! The goblin hits you with a dagger.
* * * LOW HITPOINT WARNING * * *
Drink which item? (? for menu, Esc to quit)
It was a potion of cure mutation.
It has a very clean taste.
You constrict the goblin. The goblin hits you.
You die...

...... #...... #......
#......## .........#
#......<## #
#........# ..#
#......#.#######gg...#
............g@gggg....
##########..####g....#
##.# ... #.# . ...
##.. ..# ..# .


You could see Robin, 3 hobgoblins and 4 goblins.

Vanquished Creatures
  An adder (D:2)
  A giant mite (D:2)
  4 worms (D:2)
  4 giant geckos
  2 giant cockroaches (D:1)
  7 goblins
  4 hobgoblins
  2 quokkas (D:2)
  8 bats
  A giant newt (D:1)
  7 kobolds
  6 rats
47 creatures vanquished.

Notes
Turn   | Place    | Note
--------------------------------------------------------------
     0 | D:1      | PolkaDot, the Octopode Monk, began the quest for the Orb.
     0 | D:1      | Reached XP level 1. HP: 16/16 MP: 1/1
   105 | D:1      | Reached XP level 2. HP: 19/21 MP: 2/2
   563 | D:2      | Found a stormy altar of Qazlal.
   570 | D:2      | Reached XP level 3. HP: 26/26 MP: 3/3
   586 | D:2      | Found a shimmering altar of Xom.
   611 | D:2      | Became a worshipper of Qazlal Stormbringer
   611 | D:2      | Acquired Qazlal's first power
   611 | D:2      | Acquired Qazlal's second power
  1046 | D:2      | Reached XP level 4. HP: 8/31 MP: 4/4
  1344 | D:2      | Reached skill level 5 in Unarmed Combat
  1606 | D:3      | Noticed Robin
  1616 | D:3      | Slain by a goblin

Action                   |  1- 3 |  4- 6 || total
-------------------------+-------+-------++-------
Melee: Unarmed           |    67 |    25 ||    92
  Use: Potion            |       |     1 ||     1
 Stab: Sleeping          |     9 |       ||     9
  Eat: Chunk             |     3 |     2 ||     5
